 Dungeon Crawl Stone Soup version 0.31-a0-151-ge443d1f16c (webtiles) character file.

Game seed: 1787915155044422773

42 qw the Shooter (level 3, -3/22 HPs)
             Began as a Gargoyle Hunter on June 8, 2023.
             Slain by a worm (4 damage)
             ... on level 2 of the Dungeon.
             The game lasted 00:00:25 (673 turns).

qw the Shooter (Gargoyle Hunter)                     Turns: 673, Time: 00:00:25

Health: -3/22      AC:  6    Str: 14    XL:     3   Next: 56%
Magic:  3/3        EV: 11    Int:  9    God:
Gold:   15         SH:  0    Dex: 15    Spells: 2/2 levels left

rFire   . . .        Y - +0 shortbow
rCold   . . .        (shield currently unavailable)
rNeg    + . .        c - +0 leather armour
rPois   inf          (no helmet)
rElec   +            (no cloak)
rCorr   .            (no gloves)
SInv    .            (no boots)
Will    .....        e - amulet of the acrobat
Stlth   ++           (no ring)
HPRegen 0.23/turn    (no ring)
MPRegen 0.08/turn

%: acrobat
@: about to teleport
A: sickness immunity, AC +3, negative energy resistance 1, electricity
resistance, torment resistance 1, petrification resistance
a: no special abilities


You were on level 2 of the Dungeon.
You visited 1 branch of the dungeon, and saw 2 of its levels.

You collected 15 gold pieces.


Innate Abilities, Weirdness & Mutations

You are immune to sickness and miasma.
Your stone body is resilient. (AC +3)
You are immune to poison.
You resist negative energy. (rN+)
You are resistant to electric shocks. (rElec)
You are resistant to unholy torment.
You are immune to petrification.


   Skills:
 + Level 2.6 Fighting
 - Level 5.0 Ranged Weapons
 - Level 1.5 Dodging
 - Level 1.1 Stealth


You had 2 spell levels left.
You didn't know any spells.
Your spell library was empty.

Inventory:

Hand Weapons
 Y - a +0 shortbow (weapon)
Armour
 c - a +0 leather armour (worn)
Jewellery
 e - an amulet of the acrobat (around neck)
Potions
 f - a potion of berserk rage {unknown}
 g - a potion of curing {unknown}

Dungeon Overview and Level Annotations

Branches:
Dungeon (2/15)

Altars:


Message History

You shoot an arrow.
The arrow hits the worm but does no damage.
The worm is heavily wounded.
You shoot an arrow. The arrow hits the worm.
The worm is heavily wounded.
The worm bites you!
You shoot an arrow. The arrow barely misses the worm.
You shoot an arrow. The arrow hits the worm.
The worm is heavily wounded.
A frilled lizard comes into view.
The worm bites you but does no damage.
You shoot an arrow. The frilled lizard hisses angrily.
The arrow hits the worm but does no damage.
The worm is heavily wounded.
The worm closely misses you.
You shoot an arrow.
The arrow hits the worm but does no damage.
The worm is heavily wounded.
You shoot an arrow. The arrow hits the worm.
The worm is heavily wounded.
The worm bites you!
You shoot an arrow. The arrow hits the worm.
The worm is heavily wounded.
The worm misses you.
You shoot an arrow.
The arrow hits the worm but does no damage.
The worm is heavily wounded.
The worm misses you.
You shoot an arrow. The arrow hits the worm.
The worm is severely wounded.
The frilled lizard bites you but does no damage.
You shoot an arrow. The arrow hits the worm.
The worm is severely wounded.
The frilled lizard barely misses you. The worm bites you!
673 ||| READING scroll of teleportation.
As you read the scroll of teleportation, it crumbles to dust.
You feel strangely unstable. The frilled lizard bites you. The worm bites you.
You die...

... ...........
...##.[........
..............
###............
..............
#.####..........
.).....l....#
#..@....#
#..w....#
#......#.#<#
....#.....#.#
##. #.#.###.# ..
#.#.# #.# #
#.#.# #.# #.#.#
#.# ..#


You could see a worm and a frilled lizard.

Vanquished Creatures
  A dart slug (D:1)
  3 bats (D:1)
  2 endoplasms (D:1)
  3 giant cockroaches (D:1)
  5 goblins (D:1)
  4 hobgoblins
  2 jackals (D:1)
  3 kobolds (D:1)
  3 ball pythons (D:1)
  5 frilled lizards
  4 rats (D:1)
35 creatures vanquished.

Notes
Turn   | Place    | Note
-------+----------+-------------------------------------------
     0 | D:1      | qw the Gargoyle Hunter began the quest for the Orb.
     0 | D:1      | Reached XP level 1. HP: 12/12 MP: 1/1
     0 | D:1      | 0 ||| qw: Version: 0.2-a-120-gdf1a93b
     0 | D:1      | 0 ||| qw: Game counter: 3114
     0 | D:1      | 0 ||| qw: Always use a shield: true
     0 | D:1      | 0 ||| qw: God list: Okawaru
     0 | D:1      | 0 ||| qw: Allow faded altars: false
     0 | D:1      | 0 ||| qw: Do Orc after D:15 true
     0 | D:1      | 0 ||| qw: Do second Lair branch before Depths: true
     0 | D:1      | 0 ||| qw: Lair rune preference: random
     0 | D:1      | 0 ||| qw: Plans: Normal
     0 | D:1      | 0 ||| PLANNING D:1-11
    66 | D:1      | Reached XP level 2. HP: 16/17 MP: 2/2
   188 | D:1      | Reached XP level 3. HP: 21/21 MP: 3/3
   193 | D:1      | Reached skill level 5 in Ranged Weapons
   627 | D:1      | 627 ||| UPGRADING to amulet of the acrobat.
   632 | D:1      | 632 ||| READING 2 scrolls labelled KYOCAT YNI.
   637 | D:1      | 637 ||| READING scroll labelled HIQINL OTET.
   638 | D:1      | 638 ||| DROPPING scroll of butterflies.
   672 | D:2      | HP: 3/22 [worm (7)]
   673 | D:2      | 673 ||| READING scroll of teleportation.
   673 | D:2      | HP: 1/22 [frilled lizard (3)]
   673 | D:2      | Slain by a worm

Levels and vault maps discovered:
D:1:      scummos_arrival_forest, layout_basic, minmay_liquid_box
D:2:      layout_basic, hellmonk_ecumenical_altar_defaced_shrine,
          kennysheep_generic_room_9

Skill      XL: |  1  2  3 |
---------------+----------+-----
Ranged Weapons | 5 |  5.0
Fighting       | |  2.6
Dodging        | |  1.5
Stealth        | |  1.1

Action                     || total
---------------------------++-------
   Fire: Shortbow          ||   118
    Use: Scroll            ||     3
 Armour: Leather armour    ||    18
  Dodge: Dodged            ||    13

Table legend:
 A = Non-vault XP
 B = Vault XP
 C = Vault XP percentage of total XP
 D = Non-vault monster count
 E = Vault monster count
 F = Vault count percentage of total count
                 A         B        C        D         E       F
            +---------+---------+-------+---------+---------+-------
      Total |      61 |       0 |   0.0 |      35 |       0 |   0.0
            +---------+---------+-------+---------+---------+-------
        D:1 |      58 |       0 |   0.0 |      33 |       0 |   0.0
        D:2 |       3 |       0 |   0.0 |       2 |       0 |   0.0
            +---------+---------+-------+---------+---------+-------
